[Event "XX Sants Open 2018"]
[Site "Cotxeres de Sants"]
[Date "2018.08.20"]
[Round "4"]
[White "Martinez Torras, Pol"]
[Black "Febrero Perez, Lluis"]
[Result "1-0"]
[ECO "C50"]
[WhiteElo "1642"]
[BlackElo "1515"]
[Annotator "NA"]
[PlyCount "63"]
[EventDate "2018.08.17"]
[EventType "swiss"]
[EventCountry "ESP"]
[SourceTitle "playchess.com"]
[Source "ChessBase"]
[SourceQuality "1"]
[TimeControl "40/5400+30:1800+30"]

1. e4 e5 2. Nf3 Nc6 3. Bc4 Be7 4. d4 exd4 5. Nxd4 Nf6 6. Nc3 Ne5 7. Bb3 d6 8. h3 O-O 9. O-O c5 10. Nf3 c4 11. Nxe5 cxb3 12. Nf3 bxa2 13. Rxa2 Be6 14. Ra4 a6 15. Re1 Rc8 16. Bf4 Qd7 17. Rd4 Qc6 18. Bxd6 Bxd6 19. Rxd6 Qc5 20. Qd4 Qh5 21. Qe5 Rc5 22. Qxh5 Rxh5 23. Red1 g5 24. e5 Ne8 25. Rd8 g4 26. hxg4 Bxg4 27. Re1 Bxf3 28. gxf3 Kh8 29. Re4 Rf5 30. f4 Rg8+ 31. Kf1 h5 32. Nd5 1-0

[Event "XX Sants Open 2018"]
[Site "Cotxeres de Sants"]
[Date "2018.08.20"]
[Round "4"]
[White "Vadillo, Torre Ismael"]
[Black "Lujan Moreno, Royer Manuel"]
[Result "1/2-1/2"]
[ECO "D15"]
[WhiteElo "1567"]
[BlackElo "1477"]
[Annotator "NA"]
[PlyCount "75"]
[EventDate "2018.08.17"]
[EventType "swiss"]
[EventCountry "ESP"]
[SourceTitle "playchess.com"]
[Source "ChessBase"]
[SourceQuality "1"]
[TimeControl "40/5400+30:1800+30"]

1. d4 d5 2. c4 Nf6 3. Nc3 c6 4. Nf3 a6 5. a4 g6 6. Bg5 Bg7 7. e3 Bg4 8. Be2 Nbd7 9. O-O h6 10. Bf4 Nh5 11. Bg3 Nxg3 12. hxg3 Nf6 13. Ne5 Be6 14. c5 O-O 15. Bd3 Qe8 16. f4 Nd7 17. f5 Nxe5 18. dxe5 gxf5 19. Bxf5 Qd7 20. Qg4 Bxf5 21. Rxf5 Qe6 22. Qh5 Qg6 23. Raf1 e6 24. Qxg6 fxg6 25. Rxf8+ Rxf8 26. Rxf8+ Kxf8 27. Kf2 Bxe5 28. Kf3 Bxc3 29. bxc3 e5 30. e4 Ke7 31. Ke3 Kd7 32. Kd3 Kc7 33. a5 Kd7 34. g4 Ke6 35. g5 hxg5 36. g4 Ke7 37. Ke3 Kd7 38. Kd3 1/2-1/2

[Event "XX Sants Open 2018"]
[Site "Cotxeres de Sants"]
[Date "2018.08.21"]
[Round "5"]
[White "Heimann, Andreas"]
[Black "Sochacki, Christophe"]
[Result "1-0"]
[ECO "B76"]
[WhiteElo "2590"]
[BlackElo "2455"]
[Annotator "ChessBase"]
[PlyCount "61"]
[EventDate "2018.08.17"]
[EventType "swiss"]
[EventCountry "ESP"]
[SourceTitle "playchess.com"]
[Source "ChessBase"]
[SourceQuality "1"]
[TimeControl "40/5400+30:1800+30"]

1. Nf3 c5 2. e4 d6 3. d4 cxd4 4. Nxd4 Nf6 5. Nc3 g6 6. Be3 Bg7 7. f3 O-O 8. Qd2 Nc6 9. O-O-O d5 10. exd5 Nxd5 11. Nxc6 bxc6 12. Bd4 Bxd4 13. Qxd4 Qb6 14. Na4 Qc7 15. Bc4 Rb8 16. Bb3 Rb4 17. Qd2 a5 18. a3 Rf4 19. Rhe1 Bf5 20. g4 Be6 21. Nc5 a4 22. Ba2 Bc8 23. c4 Rxf3 24. cxd5 cxd5 25. Qxd5 Bxg4 26. Qe5 Qc6 27. Qd4 Bf5 28. Bd5 Qb6 29. Bxf3 Rc8 30. Re5 Qb3 31. Rxf5 1-0

[Event "XX Sants Open 2018"]
[Site "Cotxeres de Sants"]
[Date "2018.08.21"]
[Round "5"]
[White "Vaibhav, Suri"]
[Black "Diaz Camallonga, Carles"]
[Result "1-0"]
[ECO "A14"]
[WhiteElo "2561"]
[BlackElo "2445"]
[Annotator "RC"]
[PlyCount "51"]
[EventDate "2018.08.17"]
[EventType "swiss"]
[EventCountry "ESP"]
[SourceTitle "playchess.com"]
[Source "ChessBase"]
[SourceQuality "1"]
[TimeControl "40/5400+30:1800+30"]

1. c4 e6 2. g3 Nf6 3. Bg2 d5 4. Nf3 Be7 5. O-O O-O 6. Ne5 Qd6 7. d4 dxc4 8. Na3 Rd8 9. Qc2 Qa6 10. e3 c5 11. dxc5 Bxc5 12. Naxc4 Bd7 13. Nxf7 Rc8 14. Nfe5 Bb5 15. a4 Bxc4 16. Nxc4 Nbd7 17. b3 Rab8 18. Bd2 Nb6 19. Nxb6 Qxb6 20. Rfc1 a5 21. Qc4 Kf7 22. Qf4 Bd6 23. Bxa5 Qa6 24. Qd4 Bxg3 25. b4 Bd6 26. Bf1 1-0

[Event "XX Sants Open 2018"]
[Site "Cotxeres de Sants"]
[Date "2018.08.21"]
[Round "5"]
[White "Peralta, Fernando"]
[Black "Gukesh D"]
[Result "1/2-1/2"]
[ECO "D45"]
[WhiteElo "2556"]
[BlackElo "2440"]
[Annotator "ChessBase"]
[PlyCount "79"]
[EventDate "2018.08.17"]
[EventType "swiss"]
[EventCountry "ESP"]
[SourceTitle "playchess.com"]
[Source "ChessBase"]
[SourceQuality "1"]
[TimeControl "40/5400+30:1800+30"]

1. d4 d5 2. c4 c6 3. Nf3 Nf6 4. Nc3 e6 5. e3 Nbd7 6. Qc2 Bd6 7. b3 O-O 8. Be2 e5 9. cxd5 cxd5 10. Nb5 Bb4+ 11. Bd2 Bxd2+ 12. Nxd2 e4 13. O-O Ne8 14. Rfc1 a6 15. Nc7 Nxc7 16. Qxc7 Nb8 17. Nb1 Nc6 18. Qxd8 Rxd8 19. Nc3 Rd6 20. Na4 Bd7 21. Nc5 Nd8 22. a4 Kf8 23. Ra2 Be8 24. a5 Bb5 25. Kf1 Ke7 26. Rac2 Bxe2+ 27. Kxe2 b6 28. Na4 bxa5 29. Rc7+ Ke8 30. R7c5 Rb8 31. Nc3 Rxb3 32. Nxd5 Rb2+ 33. Ke1 Nb7 34. Rc8+ Rd8 35. Rxd8+ Kxd8 36. Rc6 Kd7 37. Rxa6 Rb1+ 38. Ke2 Rb2+ 39. Ke1 Rb1+ 40. Ke2 1/2-1/2

[Event "XX Sants Open 2018"]
[Site "Cotxeres de Sants"]
[Date "2018.08.21"]
[Round "5"]
[White "Gutierrez Palomino, Albert"]
[Black "Alcala Gonzalez, Cesar"]
[Result "0-1"]
[ECO "A11"]
[WhiteElo "1912"]
[BlackElo "1815"]
[Annotator "NA RC"]
[PlyCount "76"]
[EventDate "2018.08.17"]
[EventType "swiss"]
[EventCountry "ESP"]
[SourceTitle "playchess.com"]
[Source "ChessBase"]
[SourceQuality "1"]
[TimeControl "40/5400+30:1800+30"]

1. c4 c6 2. Nf3 d5 3. e3 Nf6 4. Nc3 e6 5. b3 Nbd7 6. Qc2 Bd6 7. Bb2 O-O 8. Rg1 e5 9. cxd5 cxd5 10. Nb5 Bb8 11. Rc1 e4 12. Nfd4 Bxh2 13. Rh1 Be5 14. Ba3 Re8 15. Nf5 Nb6 16. Nfd6 Bxd6 17. Bxd6 Bg4 18. Bc7 Qe7 19. Nd6 Rf8 20. Nb5 Rfc8 21. Nd6 Ne8 22. Nxe8 Qxe8 23. Qc5 Qe6 24. Bb5 a6 25. Be2 Bxe2 26. Kxe2 Qg4+ 27. Kf1 Rxc7 28. Qxc7 Rc8 29. f3 Rxc7 30. Rxc7 exf3 31. Rg1 fxg2+ 32. Rxg2 Qd1+ 33. Kf2 Qxd2+ 34. Kf3 Qd1+ 35. Re2 g5 36. Rxb7 g4+ 37. Kf2 g3+ 38. Kxg3 Qxe2 0-1

[Event "XX Sants Open 2018"]
[Site "Cotxeres de Sants"]
[Date "2018.08.21"]
[Round "5"]
[White "Moreno Perez, Norberto"]
[Black "Barragan Hernandez, Manel"]
[Result "1-0"]
[ECO "B40"]
[WhiteElo "1848"]
[BlackElo "1799"]
[Annotator "NA RC"]
[PlyCount "28"]
[EventDate "2018.08.17"]
[EventType "swiss"]
[EventCountry "ESP"]
[SourceTitle "playchess.com"]
[Source "ChessBase"]
[SourceQuality "1"]
[TimeControl "40/5400+30:1800+30"]

1. e4 c5 2. Nf3 e6 3. Be2 Qc7 4. c4 Nf6 5. Nc3 a6 6. e5 Ng4 7. d4 Nc6 8. Bf4 cxd4 9. Nxd4 Nxf2 10. Kxf2 Nxd4 11. h3 Bc5 12. Kg3 g5 13. Bd2 Qxe5+ 14. Kf2 Nxe2+ 1-0

[Event "XX Sants Open 2018"]
[Site "Cotxeres de Sants"]
[Date "2018.08.21"]
[Round "5"]
[White "Santos Ramos, Carlos"]
[Black "Ruiz Gonzalez, Jorge"]
[Result "1-0"]
[ECO "A46"]
[WhiteElo "1825"]
[BlackElo "1888"]
[Annotator "NA RC"]
[PlyCount "77"]
[EventDate "2018.08.17"]
[EventType "swiss"]
[EventCountry "ESP"]
[SourceTitle "playchess.com"]
[Source "ChessBase"]
[SourceQuality "1"]
[TimeControl "40/5400+30:1800+30"]

1. d4 Nf6 2. Nf3 d5 3. c4 e6 4. g3 Bb4+ 5. Bd2 Bd6 6. c5 Be7 7. Nc3 c6 8. Bg2 b6 9. b4 Bb7 10. O-O O-O 11. Re1 Ne4 12. Ne5 f6 13. Nd3 a5 14. Nxe4 dxe4 15. Nf4 Kf7 16. Qb3 Bc8 17. Bh3 a4 18. Bxe6+ Ke8 19. Qc3 g5 20. Bxc8 Qxc8 21. Ng2 b5 22. f3 Qe6 23. Qe3 f5 24. Rf1 f4 25. gxf4 gxf4 26. Qxe4 Qh3 27. Bxf4 Rf6 28. Rf2 Re6 29. Be5 Rg6 30. Kh1 Rh6 31. Nf4 Qh4 32. Rg2 Nd7 33. Bd6 Ra7 34. Rag1 Nf6 35. Qxc6+ Rd7 36. Bxe7 Kxe7 37. Rg7+ Ke8 38. Qc8+ Rd8 39. Qe6+ 1-0

[Event "XX Sants Open 2018"]
[Site "Cotxeres de Sants"]
[Date "2018.08.21"]
[Round "5"]
[White "Martinez Torras, Pol"]
[Black "Grasa Solanas, Oscar"]
[Result "0-1"]
[ECO "B01"]
[WhiteElo "1642"]
[BlackElo "1646"]
[Annotator "NA RC"]
[PlyCount "80"]
[EventDate "2018.08.17"]
[EventType "swiss"]
[EventCountry "ESP"]
[SourceTitle "playchess.com"]
[Source "ChessBase"]
[SourceQuality "1"]
[TimeControl "40/5400+30:1800+30"]

1. e4 d5 2. exd5 Qxd5 3. Nc3 Qa5 4. d4 c6 5. Nf3 Bg4 6. h3 Bh5 7. g4 Bg6 8. Ne5 Nd7 9. Nc4 Qc7 10. h4 O-O-O 11. h5 e5 12. hxg6 fxg6 13. Bg5 Be7 14. Bxe7 Nxe7 15. d5 cxd5 16. Nb5 Qc5 17. Ncd6+ Kb8 18. Rh3 Rhf8 19. Qd2 d4 20. b4 Qc6 21. Rh2 Nb6 22. Bg2 Nbd5 23. Rxh7 a6 24. Rxg7 axb5 25. Rxe7 Qxd6 26. Rh7 Rd7 27. Rxd7 Qxd7 28. Bxd5 Qxd5 29. O-O-O Qxa2 30. Qe1 Qa1+ 31. Kd2 Qc3+ 32. Kc1 Qc7 33. Rd3 Rc8 34. Qe2 Qd6 35. Rb3 Qd5 36. f3 Qxb3 37. Qxe5+ Ka8 38. Qe4 Qe3+ 39. Kd1 Qxe4 40. fxe4 Rc3 0-1

[Event "XX Sants Open 2018"]
[Site "Cotxeres de Sants"]
[Date "2018.08.21"]
[Round "5"]
[White "Martin Sanchez, Antoni"]
[Black "Fernandez Pintado, Xavier"]
[Result "1/2-1/2"]
[ECO "A43"]
[WhiteElo "1535"]
[BlackElo "1577"]
[Annotator "NA RC"]
[PlyCount "59"]
[EventDate "2018.08.17"]
[EventType "swiss"]
[EventCountry "ESP"]
[SourceTitle "playchess.com"]
[Source "ChessBase"]
[SourceQuality "1"]
[TimeControl "40/5400+30:1800+30"]

1. d4 c5 2. e3 e5 3. dxe5 Nc6 4. Nf3 d6 5. exd6 Bxd6 6. Be2 Nf6 7. Nc3 a6 8. b3 O-O 9. Bb2 Qe7 10. h3 Be6 11. O-O Rad8 12. Qe1 Bb8 13. Bd3 Qc7 14. Ne2 Nd7 15. Qc3 f6 16. Ng3 b5 17. a3 b4 18. axb4 cxb4 19. Qe1 a5 20. Qe2 Nde5 21. Nd4 Bc8 22. Rac1 Nxd4 23. Bxd4 Rfe8 24. Rfd1 Nxd3 25. Qxd3 Qb7 26. Qf1 Qc6 27. Rd2 Ba6 28. Qd1 Bb7 29. Qf1 Ba6 30. Qd1 1/2-1/2

[Event "XX Sants Open 2018"]
[Site "Cotxeres de Sants"]
[Date "2018.08.21"]
[Round "5"]
[White "Gonzalez Avellana, Santiago"]
[Black "Vadillo, Torre Ismael"]
[Result "1/2-1/2"]
[ECO "D02"]
[WhiteElo "1465"]
[BlackElo "1567"]
[Annotator "NA"]
[PlyCount "44"]
[EventDate "2018.08.17"]
[EventType "swiss"]
[EventCountry "ESP"]
[SourceTitle "playchess.com"]
[Source "ChessBase"]
[SourceQuality "1"]
[TimeControl "40/5400+30:1800+30"]

1. d4 d5 2. Nf3 Nf6 3. c4 c6 4. Qc2 g6 5. g3 Bf5 6. Qb3 Qc8 7. Bg2 Bg7 8. Nc3 dxc4 9. Qxc4 O-O 10. O-O Nbd7 11. Re1 Ne4 12. Ng5 Nd6 13. Qa4 Nb6 14. Qd1 h6 15. e4 Bg4 16. Bf3 Bd7 17. e5 Nf5 18. Nge4 Rd8 19. Nc5 e6 20. Bg4 Nd5 21. N3e4 Bf8 22. Bxf5 exf5 1/2-1/2

[Event "XX Sants Open 2018"]
[Site "Cotxeres de Sants"]
[Date "2018.08.22"]
[Round "6"]
[White "Vargas Drechsler, Carlos"]
[Black "Grunfelder, Anthony"]
[Result "1/2-1/2"]
[ECO "C55"]
[WhiteElo "1902"]
[BlackElo "1860"]
[Annotator "NA"]
[PlyCount "60"]
[EventDate "2018.08.17"]
[EventType "swiss"]
[EventCountry "ESP"]
[SourceTitle "playchess.com"]
[Source "ChessBase"]
[SourceQuality "1"]
[TimeControl "40/5400+30:1800+30"]

1. e4 e5 2. Nf3 Nc6 3. Bc4 Nf6 4. d4 exd4 5. O-O Bc5 6. e5 d5 7. exf6 dxc4 8. Re1+ Be6 9. Ng5 Qd5 10. Nc3 Qf5 11. Nce4 O-O-O 12. g4 Qe5 13. Nxc5 Qxc5 14. Nxe6 fxe6 15. fxg7 Rhg8 16. Bh6 d3 17. c3 Ne5 18. Bf4 Ng6 19. Bg3 Rxg7 20. b4 Qd5 21. Qa4 Rf8 22. Qxa7 Nf4 23. Bxf4 Rxf4 24. Re3 Rfxg4+ 25. Rg3 h5 26. Qa8+ Kd7 27. Qa4+ Kc8 28. Qe8+ Qd8 29. Qxe6+ Qd7 30. Qxd7+ Kxd7 1/2-1/2

[Event "XX Sants Open 2018"]
[Site "Cotxeres de Sants"]
[Date "2018.08.22"]
[Round "6"]
[White "Alcala Gonzalez, Cesar"]
[Black "Santos Ramos, Carlos"]
[Result "0-1"]
[ECO "A52"]
[WhiteElo "1815"]
[BlackElo "1825"]
[Annotator "NA"]
[PlyCount "104"]
[EventDate "2018.08.17"]
[EventType "swiss"]
[EventCountry "ESP"]
[SourceTitle "playchess.com"]
[Source "ChessBase"]
[SourceQuality "1"]
[TimeControl "40/5400+30:1800+30"]

1. d4 Nf6 2. c4 e5 3. dxe5 Ng4 4. Bf4 Bb4+ 5. Nd2 Nc6 6. Ngf3 Qe7 7. e3 Ngxe5 8. Be2 O-O 9. O-O {[%emt 0:00:25] A52: Budapest Gambit} Ng6 10. Bg3 Bd6 11. Bxd6 Qxd6 12. Qc2 $146 ({Predecessor:} 12. Ne4 Qe7 13. Nc3 d6 14. Nd5 Qd8 15. Rc1 Be6 16. Qd2 a5 {1-0 (75) Voltolini,G (2279)-Drazic,S (2508) Cesenatico 2000}) 12... f5 13. c5 Qf6 14. b4 Kh8 15. b5 Nce5 16. Nxe5 Nxe5 17. f4 Ng4 18. Bxg4 fxg4 19. Nc4 d6 20. cxd6 cxd6 21. Rad1 Rd8 22. e4 d5 23. exd5 Bf5 24. Qf2 Rac8 25. Ne5 b6 26. Nc6 Rd7 27. Rfe1 h5 28. Qd4 Qf8 29. d6 Kh7 30. Re7 Re8 31. Rxd7 Bxd7 32. Nxa7 Qf7 33. Qxb6 Qxa2 34. Qc5 g6 35. Qd5 Qxa7+ 36. Qd4 Qxd4+ 37. Rxd4 Bxb5 38. Kf2 Kg7 39. Kg3 Kf6 40. Rd5 Bd7 41. Kf2 Rc8 42. Ke3 Ke6 43. Rg5 Kf6 44. Re5 Rc6 45. Rd5 Rc2 46. Re5 Rc1 47. Kd4 Be6 48. Rb5 Rc6 49. Rb8 Rxd6+ 50. Ke3 Bf5 51. Re8 Re6+ 52. Rxe6+ Kxe6 0-1

[Event "XX Sants Open 2018"]
[Site "Cotxeres de Sants"]
[Date "2018.08.22"]
[Round "6"]
[White "Barragan Hernandez, Manel"]
[Black "Perez Garcia, Jose Miguel"]
[Result "0-1"]
[ECO "B42"]
[WhiteElo "1799"]
[BlackElo "1910"]
[Annotator "NA"]
[PlyCount "126"]
[EventDate "2018.08.17"]
[EventType "swiss"]
[EventCountry "ESP"]
[SourceTitle "playchess.com"]
[Source "ChessBase"]
[SourceQuality "1"]
[TimeControl "40/5400+30:1800+30"]

1. e4 c5 2. Nf3 e6 3. d4 cxd4 4. Nxd4 a6 5. Bd3 Nf6 6. O-O Qc7 7. Qe2 d6 8. c4 Nbd7 9. Nc3 {B42: Sicilian: Kan Variation: 5 Bd3} (9. f4 e5 10. Nf3 Be7 11. Nc3 b6 12. Kh1 Bb7 13. b3 b5 14. Nd5 Nxd5 15. cxd5 Bf6 16. f5 g6 17. Bg5 gxf5 18. Bxf6 Nxf6 {1-0 (33) Castellanos Rodriguez,R (2501)-Stocek,J (2566) Katowice 2017}) 9... Ne5 10. Bd2 Be7 11. b3 Nxd3 12. Qxd3 O-O $146 ({Predecessor:} 12... b6 13. f4 g6 14. Rae1 Bb7 15. f5 gxf5 16. exf5 e5 {0-1 (87) Meneses Gonzalez,K (2103)-Trujillo Alvarado,I (2173) Santa Cruz 2010}) 13. Rfe1 Rd8 14. Qg3 g6 15. Rad1 Bd7 16. Kh1 Rab8 17. Rc1 Re8 18. f4 Qc5 19. Be3 Qh5 20. h3 Red8 21. Nf3 Bc6 22. Bb6 Rdc8 23. Nd4 Be8 24. Nf3 Nd7 25. Ba7 Ra8 26. Bf2 Nc5 27. Rcd1 Nd7 28. Rc1 Bf6 29. e5 dxe5 30. fxe5 Be7 31. Ne4 Nc5 32. Nxc5 Bxc5 33. Bxc5 Rxc5 34. Ng5 Kg7 35. Qf4 h6 36. Ne4 Qxe5 37. Qd2 Rc7 38. Nf2 Qf5 39. Ng4 Qg5 40. Qb2+ Kf8 41. Qh8+ Ke7 42. Qxh6 Qxh6 43. Nxh6 f5 44. g4 Bc6+ 45. Kh2 Be4 46. g5 Rd8 47. Rcd1 Rcd7 48. Rxd7+ Rxd7 49. Re2 Rd1 50. Ng8+ Kd6 51. Nf6 Ke5 52. h4 $19 (52. Nxe4 fxe4 53. Kg3) 52... Kf4 53. Nxe4 fxe4 54. Rf2+ Ke5 55. Kg3 e3 56. Re2 Ke4 57. h5 gxh5 58. g6 Rd8 59. Kh4 Kf3 60. Rh2 e2 61. Rh3+ Kf4 62. Rh1 Rd1 63. g7 Rxh1# 0-1

[Event "XX Sants Open 2018"]
[Site "Cotxeres de Sants"]
[Date "2018.08.22"]
[Round "6"]
[White "Grasa Solanas, Oscar"]
[Black "Lujan Moreno, Royer Manuel"]
[Result "1/2-1/2"]
[ECO "A30"]
[WhiteElo "1646"]
[BlackElo "1477"]
[Annotator "NA"]
[PlyCount "55"]
[EventDate "2018.08.17"]
[EventType "swiss"]
[EventCountry "ESP"]
[SourceTitle "playchess.com"]
[Source "ChessBase"]
[SourceQuality "1"]
[TimeControl "40/5400+30:1800+30"]

1. c4 c5 2. g3 Nc6 3. Bg2 Nf6 4. Nf3 a6 5. O-O d6 6. Nc3 e5 7. d3 Be7 8. Rb1 Rb8 9. Ne1 Nd4 10. a3 Bd7 11. e3 Ne6 12. b4 b6 13. bxc5 bxc5 14. Bd2 O-O 15. Nd5 Nxd5 16. Bxd5 Nc7 17. Bg2 Qc8 18. Nc2 Ne6 19. Bc3 Bf6 20. Qd2 Ng5 21. e4 Bh3 22. Qe3 Bxg2 23. Kxg2 Qh3+ 24. Kg1 Rxb1 25. Rxb1 Qg4 26. Ne1 Nh3+ 27. Kf1 Ng5 28. Kg1 1/2-1/2

[Event "XX Sants Open 2018"]
[Site "Cotxeres de Sants"]
[Date "2018.08.22"]
[Round "6"]
[White "Torres Janer, Marc"]
[Black "Romero Funieles, Rafael de Jesus"]
[Result "0-1"]
[ECO "A11"]
[WhiteElo "1530"]
[BlackElo "1642"]
[Annotator "NA"]
[PlyCount "80"]
[EventDate "2018.08.17"]
[EventType "swiss"]
[EventCountry "ESP"]
[SourceTitle "playchess.com"]
[Source "ChessBase"]
[SourceQuality "1"]
[TimeControl "40/5400+30:1800+30"]

1. e4 a6 2. Nf3 e6 3. d4 d6 4. Bc4 Be7 5. O-O h6 6. Nc3 Nf6 7. e5 dxe5 8. Nxe5 c6 9. Ne2 b5 10. Bb3 Bb7 11. c3 Nbd7 12. Nxd7 Qxd7 13. Bc2 Rd8 14. Bf4 Qc8 15. Qc1 c5 16. dxc5 Qxc5 17. Qe3 Qc6 18. Qg3 Nh5 19. Qg4 Nf6 20. Qg3 Qc4 21. Nd4 Nh5 22. Qg4 Rxd4 23. cxd4 Qxc2 24. Qxh5 Qxb2 25. Be5 g6 26. Qg4 O-O 27. Qg3 Qe2 28. Qe3 Qg4 29. f3 Qf5 30. Qf4 Qxf4 31. Bxf4 g5 32. Be3 Bb4 33. Rfc1 Bd5 34. a3 Bd6 35. Bd2 Ra8 36. Bb4 Bf4 37. Rd1 Bc4 38. Bd2 Bc7 39. Rdc1 Bb6 40. h3 Bxd4+ 0-1

[Event "XX Sants Open 2018"]
[Site "Cotxeres de Sants"]
[Date "2018.08.22"]
[Round "6"]
[White "Fontela Hidalgo, Victor"]
[Black "Martinez Torras, Pol"]
[Result "0-1"]
[ECO "B09"]
[WhiteElo "1510"]
[BlackElo "1642"]
[Annotator "NA"]
[PlyCount "73"]
[EventDate "2018.08.17"]
[EventType "swiss"]
[EventCountry "ESP"]
[SourceTitle "playchess.com"]
[Source "ChessBase"]
[SourceQuality "1"]
[TimeControl "40/5400+30:1800+30"]

1. e4 d6 2. d4 Nf6 3. Nc3 g6 4. f4 Bg7 5. Nf3 O-O 6. Bd3 c6 7. a4 Qc7 8. e5 Ne8 9. O-O a6 10. a5 b5 11. axb6 Qxb6 12. Kh1 Bg4 13. Ne2 Nd7 14. c3 Nc7 15. Qc2 c5 16. Be3 Nd5 17. Bg1 Bxf3 18. Rxf3 Rab8 19. dxc5 dxc5 20. b4 Qc7 21. Qd2 cxb4 22. Bxg6 hxg6 23. Qxd5 Rb5 24. Qa2 Ra8 25. e6 b3 26. exf7+ Kxf7 27. Qb1 e6 28. Rg3 Nf8 29. Nd4 Bxd4 30. Bxd4 b2 31. Ra2 Rab8 32. Be5 Qc4 33. Rxa6 R8b7 34. Ra8 Qe4 35. Rd3 Qxd3 36. Ra4 Qe4 37. c4 0-1

[Event "XX Sants Open 2018"]
[Site "Cotxeres de Sants"]
[Date "2018.08.23"]
[Round "7"]
[White "Perez Garcia, Jose Miguel"]
[Black "Gutierrez Palomino, Albert"]
[Result "1/2-1/2"]
[ECO "C07"]
[WhiteElo "1910"]
[BlackElo "1912"]
[Annotator "NA RC"]
[PlyCount "174"]
[EventDate "2018.08.17"]
[EventType "swiss"]
[EventCountry "ESP"]
[SourceTitle "playchess.com"]
[Source "ChessBase"]
[SourceQuality "1"]
[TimeControl "40/5400+30:1800+30"]

1. e4 e6 2. d4 d5 3. Nd2 c5 4. exd5 Qxd5 5. dxc5 Bxc5 6. Ngf3 Nf6 7. Bc4 Qd6 8. O-O O-O 9. Nb3 {C07: French Tarrasch: 3...c5, 4 Ngf3 and 4 exd5 Qxd5} Qxd1 10. Rxd1 Bb6 (10... Be7 11. Nbd4 Nbd7 12. Bf4 Nb6 13. Bb3 Bd7 14. a4 Nbd5 15. Bg3 Rfd8 {½-½ (32) Rogic,D (2571)-Prusikin,M (2545) Austria 2012}) 11. Re1 Nc6 12. Bf4 Nb4 $146 ({Predecessor:} 12... a6 13. c3 Ba7 14. Rad1 b5 15. Bd3 Bb7 16. Be3 Bxe3 17. Rxe3 {½-½ (62) Patriki,A (1039)-Koukouraki,H (1201) Porto Rio 2016}) 13. Re2 Nbd5 14. Bg3 Bd7 15. Ne5 Ba4 16. c3 Rac8 17. Rd1 Rfd8 18. Ree1 h6 19. Be2 Ne4 20. Bh5 Nd6 21. Bg4 Nf5 22. Bf3 Nxg3 23. hxg3 Bc7 24. Nd3 b6 25. Ndc1 Nf6 26. Rd4 Rxd4 27. Nxd4 Rd8 28. b3 Be8 29. Rd1 Kf8 30. Kf1 Nd5 31. Rd3 a6 32. Nc2 Ke7 33. Bxd5 Rxd5 34. Rxd5 exd5 35. Nb4 Kd6 36. Ne2 a5 37. Nc2 Bd8 38. Ncd4 g6 39. f3 Bf6 40. Kf2 Bd7 41. Ke3 Kc5 42. Kd3 b5 43. a3 Be5 44. b4+ axb4 45. axb4+ Kd6 46. f4 Bf6 47. Nc1 Bd8 48. Ncb3 Bb6 49. Na1 Ke7 50. Nac2 Kd6 51. Na3 Bxd4 52. Kxd4 f6 53. Nc2 h5 54. Ne3 Be6 55. Nf1 g5 56. Nd2 Bf5 57. fxg5 fxg5 58. Nf3 g4 59. Nd2 Bc2 60. Nf1 Be4 61. Ne3 Ke6 62. Kc5 Ke5 63. Kxb5 d4 64. Nc4+ $11 Kd5 (64... Ke6 65. Nd2 (65. cxd4 Kd5 $15) 65... Bxg2 66. Kc4 dxc3 67. Kxc3) 65. Nb6+ Ke5 66. cxd4+ $2 Kxd4 67. Nd7 (67. Nc8 $142 Bxg2 68. Nd6) 67... Bxg2 68. Nf6 Bf1+ 69. Ka5 h4 70. Nxg4 hxg3 71. b5 Bxb5 72. Kxb5 g2 73. Nh2 Ke3 74. Ng4+ Kf4 (74... Kf3 $142 75. Nf6 g1=Q 76. Kc4 Qg6 77. Nd5 Ke4 78. Nc3+ Ke5 79. Nb5 Qg4+ 80. Kc5 Qe4 81. Nc7 Qd4+ 82. Kb5 Qd7+ 83. Kb6 Qd6+ 84. Kb7 Qc5 85. Na6 Qb5+ 86. Kc7 Qxa6 87. Kb8 Qb5+ 88. Ka8 Kd6 89. Ka7 Kc7 90. Ka8 Qb8#) 75. Nf2 Kg3 76. Ne4+ Kf3 77. Ng5+ Kg4 78. Ne4 g1=Q 79. Nc5 Kf5 80. Kc4 Ke5 81. Nd3+ Kd6 82. Kc3 Qe3 83. Kc4 Qe4+ 84. Kc3 Kd5 85. Nb4+ Kc5 86. Nd3+ Qxd3+ $11 (86... Kb5 {mates} 87. Nb2 Qe1+ 88. Kc2 Qe2+ 89. Kc3 Qe5+ 90. Kc2 Qc5+ 91. Kd2 Qb4+ 92. Kc2 Qc5+ 93. Kd2 Qb4+ 94. Kc2 Qc5+) 87. Kxd3 Kd5 {Kd4+} 1/2-1/2

[Event "XX Sants Open 2018"]
[Site "Cotxeres de Sants"]
[Date "2018.08.23"]
[Round "7"]
[White "Martin Villanova, Jordi"]
[Black "Barragan Hernandez, Manel"]
[Result "0-1"]
[ECO "E67"]
[WhiteElo "1909"]
[BlackElo "1799"]
[Annotator "NA RC"]
[PlyCount "70"]
[EventDate "2018.08.17"]
[EventType "swiss"]
[EventCountry "ESP"]
[SourceTitle "playchess.com"]
[Source "ChessBase"]
[SourceQuality "1"]
[TimeControl "40/5400+30:1800+30"]

1. Nf3 Nf6 2. g3 g6 3. Bg2 Bg7 4. O-O O-O 5. c4 d6 6. d4 Nbd7 7. Nc3 e5 8. d5 a5 9. Qc2 Nc5 10. e4 Nfd7 11. Nh4 Nb6 12. Be3 Nxc4 13. Bxc5 dxc5 14. Nb5 Nd6 15. Qxc5 b6 16. Qxc7 Nxb5 17. Qxd8 Rxd8 18. Rfc1 Bd7 19. a4 Nd4 20. Rc7 Nb3 21. Ra3 Nc5 22. Rxc5 bxc5 23. Rc3 Bxa4 24. b3 Bd7 25. Rxc5 Rdc8 26. Rxc8+ Rxc8 27. f4 Rc1+ 28. Kf2 Rb1 29. Nf3 Rb2+ 30. Kg1 f6 31. fxe5 fxe5 32. Bf1 Rxb3 33. Nd2 Rb2 34. Nc4 Rb1 35. Nd2 Rd1 0-1

[Event "XX Sants Open 2018"]
[Site "Cotxeres de Sants"]
[Date "2018.08.23"]
[Round "7"]
[White "Martinez Torras, Pol"]
[Black "Vadillo, Torre Ismael"]
[Result "0-1"]
[ECO "A38"]
[WhiteElo "1642"]
[BlackElo "1567"]
[Annotator "NA RC"]
[PlyCount "106"]
[EventDate "2018.08.17"]
[EventType "swiss"]
[EventCountry "ESP"]
[SourceTitle "playchess.com"]
[Source "ChessBase"]
[SourceQuality "1"]
[TimeControl "40/5400+30:1800+30"]

1. c4 c5 2. g3 Nc6 3. Bg2 g6 4. Nc3 Bg7 5. Nf3 Nf6 6. O-O O-O 7. Rb1 d5 8. cxd5 Nxd5 9. a3 Rb8 10. Nxd5 Qxd5 11. d3 Qh5 12. b4 cxb4 13. axb4 a6 14. Be3 Bg4 15. Re1 Rfd8 16. Qb3 Be6 17. Qa4 Bd7 18. Qa2 Be6 19. Qd2 Ne5 20. Bf4 Rbc8 21. Bxe5 Bxe5 22. Nxe5 Qxe5 23. Bxb7 Rb8 24. Bxa6 Bh3 25. Bc4 Qd4 26. Qf4 Qxf4 27. gxf4 Rd6 28. Rb2 Rbb6 29. f3 Rf6 30. e3 g5 31. Kf2 gxf4 32. exf4 Rg6 33. Rg1 Rxg1 34. Kxg1 Rg6+ 35. Kf2 Rg2+ 36. Ke3 Rxb2 37. b5 Be6 38. Kd4 Kf8 39. Kc5 Rxh2 40. b6 Bxc4 41. dxc4 Rb2 42. Kc6 h5 43. c5 h4 44. b7 h3 45. Kc7 h2 46. c6 h1=Q 47. b8=Q+ Rxb8 48. Kxb8 Qb1+ 49. Ka7 Qa2+ 50. Kb7 Qd5 51. Kb6 Ke8 52. Kc7 e6 53. Kb6 Kd8 0-1